Workbook

Sheet 1. Coleta Domiciliar
A1: Orientações para preenchimento:
A2: 1. Esta planilha é somente um modelo-base. Qualquer custo previsto no edital e não contemplado nesta planilha deverá ser devidamente incluído
A3: 2. Preencher somente células em amarelo
A4: 3. As células azuis deverão ter seus valores preenchidos em outra planilha do arquivo.
A8: 1. Estação de Transbordo
A9: Planilha de Composição de Custos
A11: Orçamento Sintético
A12: Descrição do Item | E12: Custo (R$/mês) | F12: %
A13: =A37 -> 1. Mão-de-obra | E13: =+F60 -> 6369.4666 | F13: =IFERROR(E13/$E$23,0) -> 0.19830901
A14: =A39 -> 1.1. Operador de pá carregadeira | E14: =F47 -> 5295.3866 | F14: =IFERROR(E14/$E$23,0) -> 0.16486826
A15: =A62 -> 2. Uniformes e Equipamentos de Proteção Individual | E15: =+F80 -> 106.3725 | F15: =IFERROR(E15/$E$23,0) -> 0.0033118355
A16: =A82 -> 3. Equipamentos e Transbordo | E16: =+F115 -> 18630.779 | F16: =IFERROR(E16/$E$23,0) -> 0.58005663
A17: =A84 -> 3.1 Retroescavadeira sobre rodas, tração 4x4, potência líq. 88 hp, caçamba carreg. Cap. Mín. 1 m3 - chp diurno | E17: =SUM(E18) -> 11597.475 | F17: =IFERROR(E17/$E$23,0) -> 0.3610795
A18: =A86 -> 3.1.1 Hora/ máquina | E18: =F89 -> 11597.475 | F18: =IFERROR(E18/$E$23,0) -> 0.3610795
A19: =A91 -> 3.2 Transbordo | E19: =SUM(E20:E21) -> 7033.3038 | F19: =IFERROR(E19/$E$23,0) -> 0.21897713
A20: =A93 -> 3.2.1 Depreciação | E20: =F102 -> 2734.4504 | F20: =IFERROR(E20/$E$23,0) -> 0.085135253
A21: =A104 -> 3.2.1 Remuneração do Capital | E21: =F113 -> 4298.8534 | F21: =IFERROR(E21/$E$23,0) -> 0.13384188
A22: =A119 -> 3. Benefícios e Despesas Indiretas - BDI | E22: =+F125 -> 7012.2784 | F22: =IFERROR(E22/$E$23,0) -> 0.21832252
A23: PREÇO TOTAL MENSAL COM A COLETA | E23: =E13+E15+E16+E22 -> 32118.896 | F23: =F13+F15+F16+F22 -> 1
A26: Quantitativos
A27: Mão-de-obra | E27: Quantidade
A28: =+A39 -> 1.1. Operador de pá carregadeira | E28: =C46 -> 1
A29: Total de mão-de-obra (postos de trabalho) | E29: =SUM(E28) -> 1
A31: Veículos e Equipamentos | E31: Quantidade
A32: =+A84 -> 3.1 Retroescavadeira sobre rodas, tração 4x4, potência líq. 88 hp, caçamba carreg. Cap. Mín. 1 m3 - chp diurno | E32: =C101 -> 1
A33: =A91 -> 3.2 Transbordo | E33: 1
A35: Fator de utilização (FU) | B35: 1
A37: 1. Mão-de-obra
A39: 1.1. Operador de pá carregadeira
A40: Discriminação | B40: Unidade | C40: Quantidade | D40: Custo unitário | E40: Subtotal | F40: Total (R$)
A41: Piso da categoria | B41: mês | C41: 1 | D41: 2162 | E41: =C41*D41 -> 2162
A42: Adicional de Insalubridade | B42: % | C42: 40 | D42: =SUM(E41) -> 2162 | E42: =C42*D42/100 -> 864.8
A43: Soma | E43: =SUM(E41:E42) -> 3026.8
A44: Encargos Sociais | B44: % | C44: ='2.Encargos Sociais'!$C$34*100 -> 74.95 | D44: =E43 -> 3026.8 | E44: =D44*C44/100 -> 2268.5866
A45: Total por Coletor | E45: =E43+E44 -> 5295.3866
A46: Total do Efetivo | B46: homem | C46: 1 | D46: =E45 -> 5295.3866 | E46: =C46*D46 -> 5295.3866
D47: Fator de utilização | E47: =$B$35 -> 1 | F47: =E46*E47 -> 5295.3866
A48: 1.2. Vale Transporte
A49: Discriminação | B49: Unidade | C49: Quantidade | D49: Custo unitário | E49: Subtotal | F49: Total (R$)
A50: Vale Transporte | B50: R$ | C50: 1 | D50: 5.5
A51: Dias Trabalhados por mês | B51: dia | C51: 26
A52: Operador | B52: vale | C52: =$C$51*2*C46 -> 52 | D52: =IFERROR((($C$51*2*$D$50)-(E41*0.06*C51/26))/($C$51*2),"-") -> 3.0053846 | E52: =IFERROR(C52*D52,"-") -> 156.28
F53: =SUM(E52) -> 156.28
A55: 1.3. Vale-refeição (diário)
A56: Discriminação | B56: Unidade | C56: Quantidade | D56: Custo unitário | E56: Subtotal | F56: Total (R$)
A57: =+A52 -> Operador | B57: unidade | C57: =C51*(E28) -> 26 | D57: 35.3 | E57: =C57*D57 -> 917.8
F58: =SUM(E57) -> 917.8
A60: Custo Mensal com Mão-de-obra (R$/mês) | F60: =+SUM(F41:F59) -> 6369.4666
A62: 2. Uniformes e Equipamentos de Proteção Individual
A64: 2.1. Uniformes e EPIs para Operador de Pá Carregadeira
A66: Discriminação | B66: Unidade | C66: Durabilidade (meses) | D66: Custo unitário | E66: Subtotal | F66: Total (R$)
A67: Jaqueta com reflexivo (NBR 15.292) | B67: unidade | C67: 8 | D67: 170 | E67: =IFERROR(D67/C67,0) -> 21.25
A68: Calça | B68: unidade | C68: 12 | D68: 46.5 | E68: =IFERROR(D68/C68,0) -> 3.875
A69: Camiseta | B69: unidade | C69: 12 | D69: 30 | E69: =IFERROR(D69/C69,0) -> 2.5
A70: Boné árabe | B70: unidade | C70: 12 | D70: 22 | E70: =IFERROR(D70/C70,0) -> 1.8333333
A71: Botina de segurança c/ palmilha aço | B71: par | C71: 12 | D71: 45.84 | E71: =IFERROR(D71/C71,0) -> 3.82
A72: Protetor auricular do tipo concha | B72: unidade | C72: 8 | E72: =IFERROR(D72/C72,0) -> 0
A73: Capa de chuva amarela com reflexivo | B73: unidade | C73: 12 | D73: 15.97 | E73: =IFERROR(D73/C73,0) -> 1.3308333
A74: Colete reflexivo | B74: unidade | C74: 12 | D74: 10 | E74: =IFERROR(D74/C74,0) -> 0.83333333
A75: Protetor solar FPS 30 | B75: frasco 120g | C75: 1 | D75: 18.13 | E75: =IFERROR(D75/C75,0) -> 18.13
A76: Higienização de uniformes e EPIs | B76: R$ mensal | C76: 1 | D76: 52.8 | E76: =C76*D76 -> 52.8
A77: Total do Efetivo | B77: homem | C77: =E28 -> 1 | D77: =+SUM(E67:E76) -> 106.3725 | E77: =C77*D77 -> 106.3725
D78: Fator de utilização | E78: =$B$35 -> 1 | F78: =E77*E78 -> 106.3725
A80: Custo Mensal com Uniformes e EPIs (R$/mês) | F80: =+F78 -> 106.3725
A82: 3. Equipamentos e Transbordo
A84: 3.1 Retroescavadeira sobre rodas, tração 4x4, potência líq. 88 hp, caçamba carreg. Cap. Mín. 1 m3 - chp diurno
A86: 3.1.1 Hora/ máquina
A87: Discriminação | B87: Unidade | C87: Quantidade | D87: Custo unitário | E87: Subtotal | F87: Total (R$)
A88: Custo hora máquina (SINAPI) | B88: unidade | C88: 71.7 | D88: 161.75 | E88: =C88*D88 -> 11597.475
D89: Fator de utilização | E89: =$B$35 -> 1 | F89: =E88*E89 -> 11597.475
A91: 3.2 Transbordo
A93: 3.2.1 Depreciação
A94: Discriminação | B94: Unidade | C94: Quantidade | D94: Custo unitário | E94: Subtotal | F94: Total (R$)
A95: Custo capital transbordo | B95: unidade | C95: 1 | D95: 503427.5 | E95: =C95*D95 -> 503427.5
A96: Vida útil | B96: anos | C96: 10
A97: Idade | B97: anos | C97: 0
A98: Depreciação | B98: % | C98: =IFERROR(VLOOKUP(C96,'5. Depreciação'!A3:B17,2,0),0) -> 65.18 | D98: =E95 -> 503427.5 | E98: =C98*D98/100 -> 328134.04
A99: Depreciação mensal transbordo | B99: mês | C99: =C96*12 -> 120 | D99: =IF(C97<=C96,E98,0) -> 328134.04 | E99: =IFERROR(D99/C99,0) -> 2734.4504
A100: Total transbordo | E100: =E99 -> 2734.4504
A101: Total | B101: unidade | C101: 1 | D101: =E100 -> 2734.4504 | E101: =C101*D101 -> 2734.4504
D102: Fator de utilização | E102: =$B$35 -> 1 | F102: =E101*E102 -> 2734.4504
A104: 3.2.1 Remuneração do Capital
A105: Discriminação | B105: Unidade | C105: Quantidade | D105: Custo unitário | E105: Subtotal | F105: Total (R$)
A106: Custo estação de transbordo | B106: unidade | C106: 1 | D106: =D95 -> 503427.5 | E106: =C106*D106 -> 503427.5
A107: Taxa de juros anual nominal | B107: % | C107: 14.5
A108: Valor estação proposta | B108: R$ | C108: =IFERROR(IF(C97<=C96,E95-(C98/(100*C96)*C97)*E95,E95-E98),0) -> 503427.5
A109: Investimento médio total | B109: R$ | C109: =IFERROR(IF(C97>=C96,C108,((((C108)-(E95-E98))*(((C96-C97)+1)/(2*(C96-C97))))+(E95-E98))),0) -> 355767.18
A110: Remuneração mensal de capital | B110: R$ | D110: =C107*C109/12/100 -> 4298.8534 | E110: =D110 -> 4298.8534
A111: Total transbordo | E111: =E110 -> 4298.8534
A112: Total | B112: unidade | C112: =C101 -> 1 | D112: =E111 -> 4298.8534 | E112: =C112*D112 -> 4298.8534
D113: Fator de utilização | E113: =$B$35 -> 1 | F113: =E112*E113 -> 4298.8534
A115: Custo Mensal com Equipamentos e Transbordo (R$/mês) | F115: =+SUM(F87:F114) -> 18630.779
A117: CUSTO TOTAL MENSAL COM DESPESAS OPERACIONAIS (R$/mês) | F117: =+F60+F80+F115 -> 25106.618
A119: 3. Benefícios e Despesas Indiretas - BDI
A121: Discriminação | B121: Unidade | C121: Quantidade | D121: Custo unitário | E121: Subtotal | F121: Total (R$)
A122: Benefícios e despesas indiretas | B122: % | C122: ='4.BDI'!C18*100 -> 27.93 | D122: =+F117 -> 25106.618 | E122: =C122*D122/100 -> 7012.2784
F123: =+E122 -> 7012.2784
A125: CUSTO MENSAL COM BDI (R$/mês) | F125: =F123 -> 7012.2784
A128: PREÇO MENSAL TOTAL (R$/mês) | F128: =F117+F125 -> 32118.896

Sheet 2.Encargos Sociais
A1: Orientações para preenchimento:
A2: 1. Preencha previamente os dados de entrada na planilha 3.CAGED
A4: 2. Composição dos Encargos Sociais
A5: Código | B5: Descrição | C5: Valor
A6: A1 | B6: INSS | C6: 0.2
A7: A2 | B7: SESI | C7: 0.015
A8: A3 | B8: SENAI | C8: 0.01
A9: A4 | B9: INCRA | C9: 0.002
A10: A5 | B10: SEBRAE | C10: 0.006
A11: A6 | B11: Salário educação | C11: 0.025
A12: A7 | B12: Seguro contra acidentes de trabalho | C12: 0.03
A13: A8 | B13: FGTS | C13: 0.08
A14: A | B14: SOMA GRUPO A | C14: =SUM(C6:C13) -> 0.368
A16: B1 | B16: Férias gozadas | C16: =ROUND(IF('3.CAGED'!C39>24,(1-12/'3.CAGED'!C39)*0.1111,0.1111-C25),4) -> 0.0574
A17: B2 | B17: 13º salário | C17: =ROUND('3.CAGED'!C33/'3.CAGED'!C30,4) -> 0.0833
A18: B3 | B18: Licença Paternidade | C18: 0.0006
A19: B4 | B19: Faltas justificadas | C19: 0.0082
A20: B5 | B20: Auxilio acidente de trabalho | C20: 0.0031
A21: B6 | B21: Auxilio doença | C21: 0.0166
A22: B | B22: SOMA GRUPO B | C22: =SUM(C16:C21) -> 0.1692
A24: C1 | B24: Aviso prévio indenizado | C24: =ROUND(('3.CAGED'!C38) *'3.CAGED'!C29/'3.CAGED'!C30,4) -> 0.039
A25: C2 | B25: Férias indenizadas | C25: =ROUND(IF('3.CAGED'!C39>12,12/'3.CAGED'!C39*0.1111,0.1111),4) -> 0.0537
A26: C3 | B26: Férias indenizadas s/ aviso previo inden. | C26: =ROUND(('3.CAGED'!C32+'3.CAGED'!C31)/360*C24,4) -> 0.0043
A27: C4 | B27: Depósito rescisão sem justa causa | C27: =ROUND(('3.CAGED'!C30+'3.CAGED'!C31+'3.CAGED'!C33)/'3.CAGED'!C28*'3.CAGED'!C35*'3.CAGED'!C36*'3.CAGED'!C29/'3.CAGED'!C30,4) -> 0.0359
A28: C5 | B28: Indenização adicional | C28: =ROUND(('3.CAGED'!C32/'3.CAGED'!C30)*'3.CAGED'!C29/12,4) -> 0.0027
A29: C | B29: SOMA GRUPO C | C29: =SUM(C24:C28) -> 0.1356
A31: D1 | B31: Reincidência de Grupo A sobre Grupo B | C31: =ROUND(C14*C22,4) -> 0.0623
A32: D2 | B32: Reincidência de Grupo A sobre aviso prévio indenizado | C32: =ROUND((C24*C14),4) -> 0.0144
A33: D | B33: SOMA GRUPO D | C33: =SUM(C31:C32) -> 0.0767
B34: SOMA (A+B+C+D) | C34: =C33+C29+C22+C14 -> 0.7495

Sheet 3.CAGED
A1: CÁLCULO DAS VERBAS INDENIZATÓRIAS DOS EMPREGADOS NO SETOR DE COLETA DE RSU
A3: Para preencher esta planilha siga os passos 1 a 5:
A4: 1. Acesse o Portal do CAGED no link http://bi.mte.gov.br/cagedestabelecimento/pages/consulta.xhtml
A5: 2. Na Especificação da Consulta, selecione "Demonstrativo por período" e informe as competências relativas ao período Inicial e Final (últimos 12 meses)
A6: 3. Nível Geográfico: selecione "Unidade da Federação" e marque a opção "Rio Grande do Sul"
A7: 4. Nível Setorial: selecione "Classe de atividade econômica segundo a classificação CNAE – versão 2.0 (669 categorias)" e marque a opção "38114 – Coleta de Resíduos Não-Perigosos"
A8: 5. Clique em Gerar Relatório
A9: 6. Preencha as células em amarelo
B11: 3. CAGED
B12: Rio Grande do Sul - Coleta de Resíduos Não-Perigosos - CNAE 38114
B13: Admissões | C13: 2486
B14: Desligamentos | C14: 3303
B15: Dispensados com justa causa | C15: 81
B16: Dispensados sem justa causa | C16: 2336
B17: Espontâneos | C17: 342
B18: Fim de contrato por prazo determinado | C18: 18
B19: Término de contrato | C19: 500
B20: Aposentados | C20: 1
B21: Mortos | C21: 25
B22: Transferência de saída | C22: 0
B23: Indicadores
B24: Estoque recuperado início do Período 01-09-2016 | C24: 6400
B25: Estoque recuperado final do Período 31-08-2017 | C25: 5583
B26: Variação Emprego Absoluta de 01-09-2016 a 31-08-2017 | C26: -817
B28: Rotatividade | C28: =MEDIAN(C13,C14)/MEDIAN(C24,C25) -> 0.48310106 | G28: =12/C28 -> 24.839523
B29: Demitidos s/ Justa Causa em relação ao Estoque Médio | C29: =C16/MEDIAN(C24,C25) -> 0.38988567
B30: Dias ano | C30: 360
B31: 1/3 de férias (dias) | C31: 10
B32: Férias (dias) | C32: 30 | G32: =TRUNC(G37) -> 0
B33: 13º Salário (dias) | C33: 30
B34: Estoque Médio | C34: =MEDIAN(C24,C25) -> 5991.5
B35: FGTS | C35: 0.08 | K35: =IF(C39>12,C39-12,C39) -> 12.839523
B36: Multa FGTS | C36: 0.5 | K36: =IF(#REF!>12,#REF!-12,#REF!) -> #REF!
B37: Fração de tempo para gozo férias | C37: =((1/C28)-TRUNC(E37)) -> 0.069960269 | D37: =TRUNC(E37) -> 2 | E37: =1/C28 -> 2.0699603 | F37: =((1/C28)-TRUNC(E37)) -> 0.069960269 | G37: =12*F37 -> 0.83952323 | K37: =IF(#REF!>12,#REF!-12,#REF!) -> #REF!
B38: Dias de Aviso prévio | C38: =30+D38 -> 36 | D38: =3*D37 -> 6 | G38: =G37/12*40/360 -> 0.0077733633 | K38: =IF(#REF!>12,#REF!-12,#REF!) -> #REF!
B39: Rotatividade temporal (meses) | C39: =12/C28 -> 24.839523 | K39: =IF(#REF!>12,#REF!-12,#REF!) -> #REF!
K40: =IF(K39>12,K39-12,K39) -> #REF!
K41: =IF(K40>12,K40-12,K40) -> #REF!

Sheet 4.BDI
A1: Orientações para preenchimento:
A2: 1. Esta planilha é somente um modelo-base e deve ser ajustada conforme cada caso concreto.
A3: 2. Preencher somente células em amarelo
A6: 4. Composição do BDI - Benefícios e Despesas Indiretas
D8: Referência estudo TCE
D9: 1° Quartil | E9: Médio | F9: 3° Quartil
A10: Administração Central | B10: AC | C10: 0.0508 | D10: 0.0297 | E10: 0.0508 | F10: 0.0627
A11: Seguros/Riscos/Garantias | B11: SRG | C11: 0.0133 | D11: =0.003+0.0056 -> 0.0086 | E11: =0.0048+0.0085 -> 0.0133 | F11: =0.0082+0.0089 -> 0.0171
A12: Lucro | B12: L | C12: 0.1085 | D12: 0.0778 | E12: 0.1085 | F12: 0.1355
A13: Despesas Financeiras | B13: DF | C13: =(1+E13)^(E14/252)-1 -> 0.012420507 | D13: i | E13: 0.1325
A14: Tributos - ISS | B14: T | C14: 0.03 | D14: DU | E14: 25
A15: Tributos - PIS/COFINS | C15: 0.0365
A16: Fórmula para o cálculo do BDI:
A17: {[(1+AC+SRG) x (1+L) x (1+DF)] / (1-T)} -1
A18: Resultado do cálculo do BDI: | C18: =ROUND((((1+C10+C11)*(1+C12)*(1+C13))/(1-(C14+C15))-1),4) -> 0.2793 | D18: 0.2143 | E18: 0.2717 | F18: 0.3362

Sheet 5. Depreciação
A1: 5. Depreciação Referencial TCE/RS (%)
A2: Idade do veículo (ano) | B2: Depreciação Média
A3: 1 | B3: 33.63
A4: 2 | B4: 43.13
A5: 3 | B5: 48.68
A6: 4 | B6: 52.62
A7: 5 | B7: 55.68
A8: 6 | B8: 58.18
A9: 7 | B9: 60.29
A10: 8 | B10: 62.12
A11: 9 | B11: 63.73
A12: 10 | B12: 65.18
A13: 11 | B13: 66.48
A14: 12 | B14: 67.67
... A17: 15 | B17: 70.73

Sheet 6.Remuneração de capital
A1: 6. Remuneração de Capital
A3: Fórmula de cálculo da remuneração de capital:
A12: Jm = remuneração de capital mensal
A13: i = taxa de juros do mercado (sugere-se adotar a taxa SELIC)
A14: Im = investimento médio
A15: V0 = valor inicial do bem
A16: Vr = valor residual do bem
A17: n = vida útil do bem em anos

Sheet 7. Dimensionamento
A1: Orientações para preenchimento:
A2: 1. Esta planilha é somente um modelo de cálculo expedito e deve ser ajustada conforme cada caso concreto.
A3: 2. Dimensionar separadamente setores atendidos por veículos de capacidade de carga diferentes.
A4: 3. Preencher somente células em amarelo
A6: 7. Dimensionamento da frota
A8: Indicador | B8: Unid | C8: Valor
A9: População (H) | B9: hab
A10: Geração per capita (G) | B10: Kg/hab.dia | C10: =0.0362741*C9^0.2336249 -> 0
A11: Geração total diária (Qd) | B11: ton/dia | C11: =C9*C10/1000 -> 0
A12: Geração Mensal | B12: ton | C12: =(C11*30) -> 0
A13: Número de dias de coleta por semana (Dc) | B13: dia
A14: Quantitativo diário de coleta (Qc) | B14: ton/dia | C14: =IFERROR(C11*7/C13,0) -> 0
A15: Densidade RSU compactado | B15: Kg/m³ | C15: 500
A16: Tipo de Veículo (1 = toco, 2 = truck)
A17: Capacidade do Compactador | B17: m³
A18: Capacidade nominal de carga (Cc) | B18: ton | C18: =IF(AND(C17>=15,C16=1),5.8,C17/2) -> 0
A19: Número de Cargas por dia (Nc) | C19: =IFERROR(C14/C18,0) -> 0
A20: Número total de percursos de coleta por veículo, por dia (Np)
A21: Número de veículos da Frota (F) | C21: =IFERROR(C19/C20,0) -> 0
